 Dungeon Sprint DCSS version 0.31.0-9-g3a7656b989 (webtiles) character file.

Game seed: 10894557582430157913

56688 Heoruswealwe the Minotaur Porcupine (level 14, -20/159 HPs)
             Began as a Minotaur Fighter on Feb 2, 2024.
             Was an Initiate of Gozag.
             Demolished by a vampire knight
             ... wielding a +0 war axe
              (22 damage)
             ... in the Dungeon (Sprint IX: "|||||||||||||||||||||||||||||").
             The game lasted 00:38:21 (5270 turns).

Heoruswealwe the Minotaur Porcupine (MiFi)          Turns: 5270, Time: 00:38:21

Health: -20/159    AC: 48    Str: 32    XL:     14   Next: 43%
Magic:  22/22      EV: 15    Int:  5    God:    Gozag
Gold:   4159       SH:  2    Dex: 10    Spells: 13/13 levels left

rFire   . . .        b - +2 halberd (venom)
rCold   . . .        (shield currently unavailable)
rNeg    . . .        c - +15 Maxwell's patent armour {-Cast -Tele rElec Will+ rCorr}
rPois   .            g - +2 hat {Stlth+}
rElec   +            h - +1 cloak
rCorr   +            f - +1 pair of gloves {Str+3}
SInv    .            e - +1 pair of boots {Stlth+}
Will    ++...        (no amulet) Stlth
                     k - +3 ring of strength
HPRegen 0.46/turn    j - ring of the Octopus King {HP+2 MP+9 AC+2 EV+2 SH+2}
MPRegen 0.18/turn

%: no teleportation, no spellcasting
@: gold aura
A: horns 2, retaliatory headbutt
a: Renounce Religion, Potion Petition, Call Merchant, Bribe Branch


You were in the Dungeon.
You worshipped Gozag.
Gozag was most pleased with you.
You visited 1 branch You collected 15905 gold pieces.
You spent 2415 gold pieces at shops.
You paid 9331 gold pieces to Gozag.

Inventory:

Hand Weapons
 a - a +0 trident
 b - a +2 halberd of venom (weapon)
 x - a +0 arbalest
 y - a +0 dagger
Armour
 c - the +15 Maxwell's patent armour (worn) {-Cast -Tele rElec Will+ rCorr}
   (You bought it in a shop in the Dungeon)

   rElec:     It insulates you from electricity.
   Will+:     It increases your willpower.
   -Cast:     It prevents spellcasting.
   -Tele:     It prevents most forms of teleportation.
   rCorr:     It protects you from acid and corrosion.
 d - a +1 tower shield
 e - a +1 pair of boots of stealth (worn)
 f - a +1 pair of gloves of strength (worn)
 g - a +2 hat of stealth (worn)
 h - a +1 cloak (worn)
Jewellery
 j - a ring of the Octopus King (right hand) {HP+2 MP+9 AC+2 EV+2 SH+2}
   (You found it in the Dungeon)

   [ring of magical power]

   AC+2:      It affects your AC (+2).
   EV+2:      It affects your evasion (+2).
   HP+2:      It affects your health (+2).
   MP+9:      It affects your magic capacity (+9).
   SH+2:      It affects your SH (+2).
 k - a +3 ring of strength (left hand)
Wands
 l - a wand of acid (10)
Scrolls
 o - 2 scrolls of blinking
 p - 8 scrolls of enchant weapon
 s - a scroll of poison {unknown}
 t - 3 scrolls of summoning {unknown}
Potions
 m - 2 potions of might
 n - 4 potions of haste
 q - a potion of mutation
 r - a potion of cancellation {unknown}


   Skills:
 + Level 23.6 Fighting
 O Level 27 Polearms
 + Level 23.6 Armour
 + Level 12.5 Dodging
 + Level 14.1 Shields
 + Level 10.6 Evocations


You had 13 spell levels left.
You didn't know any spells.
Your spell library contained the following spells:

 Spells                   Type           Power      Damage    Failure   Level
 Magic Dart               Conj           0%         1d3       86%         1
 Slow                     Hex            0%         N/A       86%         1
 Jinxbite                 Hex            0%         N/A       94%         2
 Sigil of Binding         Hex            0%         N/A       99%         3


Dungeon Overview and Level Annotations

Branches:
Dungeon (1/1)

Altars:
Cheibriados
Dithmenos
Elyvilon
Fedhas
Gozag
Hepliaklqana
Kikubaaqudgha
Makhleb
Nemelex Xobeh
Okawaru
Qazlal
Ru
Sif Muna
Trog
Uskayaw
Vehumet
Wu Jian
Xom
Yredelemnul
Zin
The Shining One
Jiyva
Lugonu

Shops:
D [(*(([(((==:


Innate Abilities, Weirdness & Mutations

You have a pair of horns on your head.
You reflexively headbutt those who attack you in melee.


Message History

Something hits you but does no damage. You block something's attack.
The spark wasp stings you but does no damage.
Something barely misses you. Something bites you but does no damage.
You hit the spark wasp.
The spark wasp is poisoned.
The spark wasp is lightly wounded.
The spark wasp stings you but does no damage.
Something hits you but does no damage. Something bites you but does no damage.
You barely miss the spark wasp. Your headbutt misses the spark wasp.
The spark wasp is moderately wounded.
The spark wasp barely misses you. Something hits you but does no damage.
Something completely misses you.
You closely miss the spark wasp. Your headbutt misses the spark wasp.
The spark wasp is moderately wounded.
The spark wasp stings you but does no damage.
Something hits you!
* * * LOW HITPOINT WARNING * * *
Something bites you but does no damage.
You feel much better. Something hits you!!
* * * LOW HITPOINT WARNING * * *
Something bites you but does no damage. You block the spark wasp's attack.
You impale the spark wasp!!
The spark wasp looks as sick as possible!
You headbutt the spark wasp.
The spark wasp is severely wounded.
The spark wasp barely misses you. Something hits you!!
* * * LOW HITPOINT WARNING * * *
Something bites you but does no damage.
You closely miss the spark wasp.
The spark wasp is almost dead.
The spark wasp is distracted by your dazzling golden aura.
Something hits you but does no damage. Something bites you but does no damage.
The spark wasp buzzes angrily.
You stick the spark wasp like a pincushion!!!
You kill the spark wasp!
Something barely misses you. Something bites you but does no damage.
You hit something but do no damage. Something hits you but does no damage.
Something barely misses you.
You hit something. Something hits you!!
You die...
Your body crumbles into a pile of gold.

,,,,,,,,,+,,,,,,,,,,,,,+,,,,,,,,,
*********************************
,,,,,,,,,,,,,,,,,,,,,,,,,,,,,,,,,
*********************************
,,,,,,,,,,,,,,,,,,,,,,,,,,,,,,,,+
*********************************
,,,,,,,,,,,,,,,,,,,,,,,,,,,,,,,,,
*********▓▓▓▓▓▓▓▓▓▓▓▓▓▓▓▓▓▓▓▓▓▓▓▓
,,,,,,,,+......$@{$$$......(.....
▓▓▓▓▓▓▓▓▓▓▓▓▓▓▓▓▓▓▓▓▓▓▓▓▓▓▓▓▓▓▓▓▓
.......................)...))....
▓▓▓▓▓▓▓▓▓▓▓▓▓▓▓▓▓▓▓▓♣♣♣♣♣♣♣♣♣♣▓▓▓
......)..'.........'.........)...
▓▓▓▓▓▓▓▓▓▓▓▓▓▓▓▓▓▓▓▓♣♣♣♣♣♣♣♣♣♣▓▓▓
...............................).
▓▓▓▓▓▓▓▓▓▓▓▓▓▓▓▓▓▓▓▓▓▓▓▓▓▓▓▓▓▓▓▓▓
.('.....!??..[[[[[.[[[)))))))).==


There were no monsters in sight!

Vanquished Creatures
  Saint Roka (D)
  A tentacled monstrosity (D)
  Agnes (D)
  A thorn hunter (D)
  Gastronok (D)
  A tengu reaver (D)
  2 frost giants (D)
  3 stone giants (D)
  2 very ugly things (D)
  A dire elephant (D)
  3 spark wasps (D)
  2 fire dragons (D)
  3 ettins (D)
  A merfolk javelineer (D)
  An entropy weaver (D)
  A rakshasa (D)
  An ogre mage (D)
  3 hydras (D)
  2 centaur warriors (D)
  A merfolk aquamancer (D)
  A boulder beetle (D)
  A deep troll shaman (D)
  An anaconda (D)
  2 deep troll earth magi (D)
  3 orc high priests (D)
  4 naga sharpshooters (D)
  2 vampire magi (D)
  An occultist (D)
  Sonja (D)
  A goliath frog (D)
  A sea snake (D)
  A sun moth (D)
  An orb spider (D)
  2 bog bodies (D)
  A swamp dragon (D)
  2 necromancers (D)
  A lindwurm (D)
  A steelbarb worm (D)
  2 wolf spiders (D)
  A deep elf pyromancer (D)
  3 orc knights (D)
  3 ugly things (D)
  8 orc sorcerers (D)
  A cyclops (D)
  A manticore (D)
  7 elephants (D)
  A merfolk siren (D)
  3 black mambas (D)
  A gargoyle (D)
  3 cane toads (D)
  A rime drake (D)
  A yaktaur (D)
  A hornet (D)
  2 polar bears (D)
  A merfolk (D)
  A tarantella (D)
  2 snapping turtles (D)
  A slime creature (D)
  2 culicivoras (D)
  A spriggan (D)
  4 yaks (D)
  A water elemental (D)
  A wraith (D)
  A warg (D)
  A naga (D)
  5 water moccasins (D)
  7 orc warriors (D)
  3 bullfrogs (D)
  A killer bee (D)
  A howler monkey (D)
  A hound (D)
  3 orc priests (D)
  9 orc wizards (D)
  15 orcs (D)
  An endoplasm (D)
  A giant cockroach (D)
  A jackal (D)
  A quokka (D)
  A kobold (D)
164 creatures vanquished.

Vanquished Creatures (others)
  A bloated husk (D)
1 creature vanquished.

Grand Total: 165 creatures vanquished

Notes
Turn   | Place    | Note
-------+----------+-------------------------------------------
     0 | D        | Heoruswealwe the Minotaur Fighter began the quest for the
                  | Orb.
     0 | D        | Reached XP level 1. HP: 19/19 MP: 0/0
     7 | D        | Reached skill level 3 in Polearms
    25 | D        | Noticed a hound
    30 | D        | Reached skill level 4 in Polearms
    30 | D        | Reached XP level 2. HP: 25/28 MP: 1/1
    33 | D        | Reached skill level 5 in Fighting
    33 | D        | Reached skill level 6 in Polearms
    33 | D        | Reached skill level 5 in Armour
    33 | D        | Reached XP level 3. HP: 33/36 MP: 2/2
    47 | D        | Found a snail-covered altar of Cheibriados.
    47 | D        | Found a shadowy altar of Dithmenos.
    47 | D        | Found a white marble altar of Elyvilon.
    47 | D        | Found a blossoming altar of Fedhas.
    47 | D        | Found an opulent altar of Gozag.
    48 | D        | Found a hazy altar of Hepliaklqana.
    49 | D        | Found a viscous altar of Jiyva.
    50 | D        | Found an ancient bone altar of Kikubaaqudgha.
    51 | D        | Found a corrupted altar of Lugonu.
    52 | D        | Found a burning altar of Makhleb.
    53 | D        | Found a sparkling altar of Nemelex Xobeh.
    54 | D        | Found an iron altar of Okawaru.
    55 | D        | Became a worshipper of Gozag Ym Sagoz the Greedy
    56 | D        | Found a stormy altar of Qazlal.
    57 | D        | Found a sacrificial altar of Ru.
    58 | D        | Found a shimmering blue altar of Sif Muna.
    59 | D        | Found a bloodstained altar of Trog.
    60 | D        | Found a hide-covered altar of Uskayaw.
    61 | D        | Found a radiant altar of Vehumet.
    62 | D        | Found an ornate altar of the Wu Jian Council.
    63 | D        | Found a shimmering altar of Xom.
    64 | D        | Found a basalt altar of Yredelemnul.
    65 | D        | Found a glowing silver altar of Zin.
    66 | D        | Found a glowing golden altar of the Shining One.
   123 | D        | Noticed a killer bee
   123 | D        | Noticed a gargoyle
   123 | D        | Noticed an orc warrior
   123 | D        | Noticed a yak
   123 | D        | Noticed a yak
   130 | D        | Killed a yak
   131 | D        | Reached skill level 9 in Polearms
   131 | D        | Reached XP level 4. HP: 33/48 MP: 3/3
   131 | D        | Reached XP level 5. HP: 37/53 MP: 4/4
   132 | D        | Killed a yak
   133 | D        | Reached skill level 11 in Polearms
   133 | D        | Reached XP level 6. HP: 44/62 MP: 5/5
   141 | D        | Killed a gargoyle
   142 | D        | Reached skill level 10 in Fighting
   142 | D        | Reached skill level 13 in Polearms
   142 | D        | Reached skill level 10 in Armour
   142 | D        | Reached XP level 7. HP: 37/72 MP: 6/6
   149 | D        | Reached skill level 14 in Polearms
   261 | D        | Noticed a wraith
   261 | D        | Noticed a cyclops
   261 | D        | Noticed a green ugly thing
   261 | D        | Noticed a centaur warrior
   261 | D        | Noticed a boulder beetle
   261 | D        | Noticed a deep elf pyromancer
   266 | D        | Killed a deep elf pyromancer
   267 | D        | Reached skill level 15 in Polearms
   267 | D        | Reached XP level 8. HP: 82/82 MP: 7/7
   271 | D        | Killed a centaur warrior
   272 | D        | Reached skill level 16 in Polearms
   279 | D        | Killed a boulder beetle
   280 | D        | Reached skill level 17 in Polearms
   280 | D        | Reached XP level 9. HP: 70/93 MP: 8/8
   283 | D        | Killed a cyclops
   284 | D        | Reached skill level 18 in Polearms
   292 | D        | Killed a green ugly thing
   513 | D        | Got Ikhlint's Compendium of Violent Charms
   525 | D        | Noticed a cane toad
   539 | D        | Reached skill level 19 in Polearms
   539 | D        | Noticed a polar bear
   542 | D        | Noticed a five-headed hydra
   546 | D        | Killed a cane toad
   549 | D        | Reached XP level 10. HP: 73/104 MP: 9/9
   554 | D        | Killed an eight-headed hydra
   555 | D        | Reached skill level 20 in Polearms
   558 | D        | Reached skill level 15 in Fighting
   558 | D        | Reached skill level 15 in Armour
   560 | D        | Noticed a lindwurm
   568 | D        | Killed a lindwurm
   686 | D        | Noticed a cane toad
   686 | D        | Noticed a cane toad
   694 | D        | Killed a cane toad
   709 | D        | Killed a cane toad
   710 | D        | Reached skill level 21 in Polearms
   788 | D        | Noticed an elephant
   788 | D        | Noticed an elephant
   788 | D        | Noticed an elephant
   788 | D        | Noticed an elephant
   788 | D        | Noticed an elephant
   788 | D        | Noticed a dire elephant
   795 | D        | Noticed an elephant
   797 | D        | Killed a dire elephant
   801 | D        | Killed an elephant
   802 | D        | Reached XP level 11. HP: 73/115 MP: 10/10
   810 | D        | Reached skill level 22 in Polearms
  1048 | D        | Found the ring of the Octopus King {HP+2 MP+9 AC+2 EV+2
                  | SH+2}
  1057 | D        | Got a ring of the Octopus King {HP+2 MP+9 AC+2 EV+2 SH+2}
  1242 | D        | Noticed an orc high priest
  1268 | D        | Killed an orc high priest
  1269 | D        | Reached skill level 23 in Polearms
  1391 | D        | Noticed an orc knight
  1391 | D        | Noticed an orc knight
  1391 | D        | Noticed an orc high priest
  1393 | D        | Noticed an orc knight
  1399 | D        | Noticed a soul eater
  1414 | D        | Killed an orc high priest
  1415 | D        | Noticed an orc high priest
  1423 | D        | Killed an orc knight
  1431 | D        | Killed an orc knight
  1447 | D        | Killed an orc knight
  1475 | D        | Killed an orc high priest
  1476 | D        | Reached skill level 24 in Polearms
  1769 | D        | Found Gorphic's Book Boutique.
  1769 | D        | Noticed an orc sorcerer
  1769 | D        | Noticed an orc sorcerer
  1769 | D        | Noticed an orc sorcerer
  1769 | D        | Noticed an orc sorcerer
  1769 | D        | Noticed an orc sorcerer
  1771 | D        | Noticed an orc sorcerer
  1772 | D        | Killed an orc sorcerer
  1772 | D        | Noticed an orc sorcerer
  1777 | D        | Killed an orc sorcerer
  1785 | D        | Killed an orc sorcerer
  1789 | D        | Killed an orc sorcerer
  1799 | D        | Killed an orc sorcerer
  1800 | D        | Reached XP level 12. HP: 90/128 MP: 11/11
  1808 | D        | Reached skill level 25 in Polearms
  1828 | D        | Paralysed by an orc sorcerer for 2 turns
  1998 | D        | Found Kiss's Jewellery Shop.
  2002 | D        | Found Soemeg's Jewellery Boutique.
  2006 | D        | Found Haocayco's Weapon Shop.
  2142 | D        | Bought a potion of might for 80 gold pieces
  2142 | D        | Bought a scroll labelled ZYASSU ONGUMN for 20 gold pieces
  2142 | D        | Bought a fizzy ruby potion for 18 gold pieces
  2142 | D        | Bought a potion of might for 80 gold pieces
  2142 | D        | Bought a scroll labelled QASMUE HAODWOA for 20 gold pieces
  2142 | D        | Bought 3 scrolls labelled ZEAGIG VOIMO for 60 gold pieces
  2148 | D        | Bought the +15 Maxwell's patent armour {-Cast -Tele rElec
                  | Will+ rCorr} for 1383 gold pieces
  2148 | D        | Found the +15 Maxwell's patent armour {-Cast -Tele rElec
                  | Will+ rCorr}
  2757 | D        | Noticed a merfolk aquamancer
  2757 | D        | Noticed a vampire mage
  2757 | D        | Noticed a purple very ugly thing
  2757 | D        | Noticed a stone giant
  2757 | D        | Noticed a stone giant
  2758 | D        | Noticed a fire dragon
  2767 | D        | Noticed Gastronok
  2780 | D        | Killed Gastronok
  2811 | D        | Bought a +1 pair of gloves of infusion for 214 gold pieces
  3067 | D        | Noticed a rakshasa
  3067 | D        | Noticed an ogre mage
  3072 | D        | Killed an ogre mage
  3075 | D        | Noticed a centaur warrior
  3081 | D        | Killed a rakshasa
  3087 | D        | Reached skill level 26 in Polearms
  3126 | D        | Killed a stone giant
  3131 | D        | Killed a centaur warrior
  3151 | D        | Killed a fire dragon
  3159 | D        | Killed a vampire mage
  3160 | D        | Reached skill level 27 in Polearms
  3164 | D        | Killed a stone giant
  3165 | D        | Reached skill level 1 in Dodging
  3165 | D        | Reached skill level 1 in Evocations
  3172 | D        | Killed a purple very ugly thing
  3175 | D        | Reached skill level 5 in Shields
  3423 | D        | Noticed Agnes
  3429 | D        | Killed Agnes
  3490 | D        | Noticed a four-headed hydra
  3490 | D        | Noticed an eight-headed hydra
  3493 | D        | Killed a ten-headed hydra
  3494 | D        | Reached XP level 13. HP: 141/141 MP: 12/12
  3509 | D        | Noticed a thorn hunter
  3514 | D        | Reached skill level 5 in Dodging
  3535 | D        | Killed a thorn hunter
  3536 | D        | Reached skill level 5 in Evocations
  3787 | D        | Noticed a spark wasp
  3793 | D        | Killed a spark wasp
  3985 | D        | Reached skill level 10 in Shields
  4224 | D        | Noticed a merfolk javelineer
  4230 | D        | Killed a merfolk javelineer
  4358 | D        | Bought a pair of glowing gloves for 270 gold pieces
  4358 | D        | Bought a pair of runed boots for 270 gold pieces
  4425 | D        | Noticed Sonja
  4438 | D        | Killed Sonja
  4765 | D        | Noticed Saint Roka
  4799 | D        | Killed Saint Roka
  4800 | D        | Reached skill level 10 in Dodging
  4972 | D        | Noticed an ettin
  4972 | D        | Noticed a stone giant
  4972 | D        | Noticed an ettin
  4972 | D        | Noticed an ettin
  4972 | D        | Noticed a frost giant
  4973 | D        | Noticed a tentacled monstrosity
  4980 | D        | Killed a frost giant
  4981 | D        | Reached XP level 14. HP: 140/155 MP: 13/13
  4989 | D        | Killed a stone giant
  4989 | D        | Noticed a tengu reaver
  5000 | D        | Noticed a frost giant
  5005 | D        | Killed a tentacled monstrosity
  5015 | D        | Killed a tengu reaver
  5040 | D        | Killed a frost giant
  5045 | D        | Reached skill level 10 in Evocations
  5226 | D        | Noticed a vampire knight
  5227 | D        | Noticed a green very ugly thing
  5238 | D        | Killed a green very ugly thing
  5266 | D        | HP: 1/159 [something (20)]
  5270 | D        | Demolished by a vampire knight

Illustrated notes

Levels and vault maps discovered:
D:        linesprint [early_d, line_temple, items_1, d_10, items_2, lair_1,
          lair_end, items_3, orc_1, orc_end, items_4, d_15, swamp_1, shoals_1,
          snake_1, spider_1, d_20, vaults_1, items_5, swamp_end, shoals_end,
          snake_end, spider_end, vaults_end, d_27, items_6, zot_1, zot_end,
          crypt_end, forest_end, elf_end, slime_end, tomb_end, abyss_end,
          pan_hell_end]

Skill      XL: |  1  2  3  4  5  6  7  8  9 10 11 12 13 14 |
---------------+-------------------------------------------+-----
Polearms       | 4 6 9 11 13 15 17 19 21 24 27 | 27.0
Fighting       | 4 5 7 8 10 11 13 14 16 18 20 22 23 | 23.6
Armour         | 4 5 7 8 10 11 13 14 16 18 20 22 23 | 23.6
Dodging        | 4 10 12 | 12.5
Shields        | 6 12 14 | 14.1
Evocations     | 3 8 10 | 10.6

Action                     |  1- 3 |  4- 6 |  7- 9 | 10-12 | 13-15 || total
---------------------------+-------+-------+-------+-------+-------++-------
  Melee: Trident           |    25 |       |       |       |       ||    25
         Headbutt          |     7 |     1 |    11 |    66 |    51 ||   136
         Halberd           |     7 |    11 |    59 |   327 |   257 ||   661
 Invoke: Call Merchant     |       |       |       |     6 |     2 ||     8
    Use: Potion            |       |       |     4 |    10 |     3 ||    17
         Scroll            |       |       |       |     2 |       ||     2
   Stab: Distracted        |       |     1 |     1 |       |     2 ||     4
         Paralysed         |       |       |       |     2 |       ||     2
 Armour: Scale mail        |    13 |     3 |     6 |       |       ||    22
         Plate armour      |       |       |    30 |   169 |   253 ||   452
  Dodge: Dodged            |    16 |     3 |    16 |    67 |   121 ||   223
  Block: Buckler           |     4 |       |       |       |       ||     4
         Other             |       |       |       |     4 |     9 ||    13
